 Dungeon Crawl Stone Soup version 0.25.1-2-g60ff931df9 (webtiles) character file.

Game seed: 11515125814165237936

924 gruber the Protected (level 7, -6/66 HPs)
             Began as a Minotaur Fighter on Dec 2, 2020.
             Mangled by an orc
             ... wielding a +0 flail
              (7 damage)
             ... on level 5 of the Dungeon.
             The game lasted 00:03:21 (3673 turns).

gruber the Protected (Minotaur Fighter)             Turns: 3673, Time: 00:03:22

Health: -6/66      AC:  8    Str: 22    XL:     7   Next: 84%
Magic:  6/6        EV:  7    Int:  5    God:
Gold:   201        SH:  8    Dex: 10    Spells: 6/6 levels left

rFire    + + .     SeeInvis .   k - +3 mace (curse)
rCold    . . .     Gourm    .   c - +0 kite shield
rNeg     . . .     Faith    .   b - +0 scale mail
rPois    .         Spirit   .   (helmet restricted)
rElec    .         Reflect  .   (no cloak)
rCorr    .         Harm     .   (no gloves)
MR       .....     Rnd*Tele +   (no boots)
Stlth    ..........             (no amulet)
HPRegen  0.21/turn              g - ring of wizardry
MPRegen  0.10/turn              j - ring of teleportation (curse)

@: brilliant, heavily drained
A: retaliatory headbutt, horns 2, fire resistance 2, subdued magic 1, sturdy
frame 1
a: no special abilities


You were on level 5 of the Dungeon.
You were not hungry.

You visited 1 branch of the dungeon, and saw 5 of its levels.

You collected 201 gold pieces.

Inventory:

Hand Weapons
 a - a +0 flail
 k - a cursed +3 mace (weapon)
Armour
 b - a +0 scale mail (worn)
 c - a +0 kite shield (worn)
Jewellery
 g - a ring of wizardry (left hand)
 j - a cursed ring of teleportation (right hand)
Wands
 v - a wand of random effects (11)
Scrolls
 e - a scroll of remove curse {unknown}
 h - a scroll of immolation {unknown}
 i - a scroll of enchant weapon {unknown}
 l - a scroll of amnesia {unknown}
 o - a scroll of magic mapping {unknown}
 q - 4 scrolls of fog {unknown}
 s - a scroll of fear {unknown}
 u - a scroll of identify
Potions
 d - a potion of might
 m - 4 potions of haste
 n - 2 potions of lignification
 t - a potion of berserk rage {unknown}
 w - a potion of brilliance
 x - a potion of heal wounds {unknown}
 z - a potion of invisibility {unknown}
Comestibles
 f - 10 rations


   Skills:
 - Level 7.0(5.5) Fighting
 - Level 4.2(2.8) Maces & Flails
 * Level 9.0(7.4) Armour
 - Level 3.6(2.2) Shields


You had 6 spell levels left.
You didn't know any spells.
Your spell library was empty.

Dungeon Overview and Level Annotations

Branches:
Dungeon (5/15)
 Temple: D:4-7

Altars:
Cheibriados
Vehumet
Xom

Annotations:
D:5 Edmund


Innate Abilities, Weirdness & Mutations

You reflexively headbutt those who attack you in melee.
You have a pair of horns on your head.
Your flesh is very heat resistant. (rF++)
Your spells are a little easier to cast, but a little less powerful.
Your movements are slightly less encumbered by armour. (ER -2)


Message History

* * * LOW HITPOINT WARNING * * *
You block the orc's attack.
You hear some strange, mumbled words.
Something tries to affect you, but you resist.
You miss something. Your headbutt misses something.
The orc hits you with a +0 flail.
* * * LOW HITPOINT WARNING * * *
Something hits you but does no damage.
You barely miss something. The orc hits you with a +0 flail.
* * * LOW HITPOINT WARNING * * *
Something hits you but does no damage.
You closely miss something.
An orc wizard appears from thin air!
Reactivating autopickup.
The orc hits you but does no damage. The orc wizard casts a spell at you.
The puff of flame hits you but does no damage.
You resist. The orc wizard casts a spell at you. You resist with some effort.
The orc hits you with a +0 flail!
You die...

#.# #..# #
#.# # #>.#
#.# ##.
#..# #.#
#... #..#
#.#
.$...##..#
.........#
@.....#(##
#..$#.#o#
#.....o@#
......###
##.##. # #
#.. #..


You could see Edmund (wandering), an orc wizard and an orc.

Vanquished Creatures
  A sky beast (D:5)
  A phantom (D:5)
  An ogre (D:5)
  A scorpion (D:3)
  3 wights (D:3)
  A crimson imp (D:5)
  A hound (D:5)
  An orc priest (D:3)
  3 iguanas (D:4)
  5 worker ants
  A hound skeleton (D:3)
  5 adders
  A shadow imp (D:5)
  4 oozes
  2 adder skeletons
  4 worms
  2 dart slugs (D:4)
  4 leopard geckos
  6 orcs
  6 giant cockroaches
  5 goblins
  3 hobgoblins (D:1)
  15 jackals
  3 quokkas
  2 ball pythons
  8 bats
  4 frilled lizards
  13 kobolds
  6 rats
112 creatures vanquished.

Notes
Turn   | Place    | Note
-------+----------+-------------------------------------------
     0 | D:1      | gruber the Minotaur Fighter began the quest for the Orb.
     0 | D:1      | Reached XP level 1. HP: 19/19 MP: 0/0
    76 | D:1      | Reached XP level 2. HP: 26/26 MP: 1/1
   590 | D:1      | Reached XP level 3. HP: 31/31 MP: 2/2
   713 | D:1      | Reached skill level 4 in Armour
   875 | D:2      | You fall into a shaft and drop 2 floors!
   917 | D:4      | Reached XP level 4. HP: 6/39 MP: 3/3
  1306 | D:4      | Reached skill level 5 in Armour
  1812 | D:2      | Reached skill level 6 in Armour
  1812 | D:2      | Reached XP level 5. HP: 44/45 MP: 4/4
  2048 | D:3      | Reached skill level 5 in Fighting
  2071 | D:3      | Reached XP level 6. HP: 30/56 MP: 5/5
  3136 | D:4      | Reached XP level 7. HP: 58/66 MP: 6/6
  3338 | D:4      | Found a snail-covered altar of Cheibriados.
  3434 | D:5      | Entered Level 5 of the Dungeon
  3444 | D:5      | Reached skill level 7 in Armour
  3462 | D:5      | Found a radiant altar of Vehumet.
  3534 | D:5      | Reached skill level 8 in Armour
  3574 | D:5      | Found a shimmering altar of Xom.
  3575 | D:5      | Noticed Edmund
  3652 | D:5      | Reached skill level 9 in Armour
  3663 | D:5      | HP: 1/66 [something/magic dart (4)]
  3664 | D:5      | Gained mutation: Your spells are a little easier to cast,
                  | but a little less powerful. [potion of mutation]
  3664 | D:5      | Gained mutation: Your movements are slightly less
                  | encumbered by armour. (ER -2) [potion of mutation]
  3664 | D:5      | Gained mutation: Your flesh is heat resistant. (rF+)
                  | [potion of mutation]
  3664 | D:5      | Gained mutation: Your flesh is very heat resistant. (rF++)
                  | [potion of mutation]
  3672 | D:5      | HP: 1/66 [orc/+0 flail (5)]
  3673 | D:5      | Mangled by an orc

Illustrated notes

Levels and vault maps discovered:
D:1:      dpeg_arrival_round_c, layout_basic
D:2:      layout_rooms
D:3:      layout_basic
D:4:      layout_loops_corners, kennysheep_slug_shrine, first_ration
D:5:      layout_loops_ring, old_standard_altar, old_standard_altar, uniq_edmund

Skill      XL: |  1  2  3  4  5  6  7 |
---------------+----------------------+-----
Maces & Flails | 3 4 |  4.2
Armour         | 4 6 9 |  9.0
Fighting       | 5 7 |  7.0
Shields        | |  3.6

Action                   |  1- 3 |  4- 6 |  7- 9 || total
-------------------------+-------+-------+-------++-------
Melee: Flail             |    86 |   107 |       ||   193
       Headbutt          |    13 |    25 |     9 ||    47
       Mace              |       |    62 |    72 ||   134
Evoke: Wand              |       |       |     4 ||     4
  Use: Scroll            |       |     2 |       ||     2
       Potion            |       |       |     3 ||     3
  Eat: Chunk             |       |     7 |     2 ||     9
Armor: Scale mail        |    34 |    55 |    55 ||   144
Dodge: Dodged            |    22 |    47 |    29 ||    98
Block: Kite shield       |    40 |    80 |    45 ||   165
